 Dungeon Crawl Stone Soup version 0.18.1-6-gd335043 (webtiles) character file.

163 Musica the Twirler (level 5, -1/45 HPs)
             Began as a Minotaur Gladiator on May 20, 2016.
             Slain by an ogre
             ... wielding a +0 giant club
              (7 damage)
             ... on level 4 of the Dungeon.
             The game lasted 00:12:04 (2330 turns).

Musica the Twirler (Minotaur Gladiator)             Turns: 2330, Time: 00:12:05

Health: -1/45      AC:  6    Str: 19    XL:     5   Next: 20%
Magic:  4/4        EV: 16    Int:  5    God:
Gold:   172        SH:  0    Dex: 12    Spells: 0 memorised, 4 levels left

rFire  . . .     SeeInvis .     a - +0 quarterstaff
rCold  . . .     Gourm    .     b - +0 leather armour
rNeg   . . .     Faith    .     (shield currently unavailable)
rPois  .         Spirit   .     c - +0 hat
rElec  .         Dismiss  .     t - +1 cloak
rCorr  .         Reflect  .     o - +0 pair of gloves
SustAt .         Harm     .     (no boots)
MR     .....                    (no amulet)
Stlth  +.........               (no ring)
                                j - +3 ring of evasion

@: not resistant to hostile enchantments, very unstealthy
A: retaliatory headbutt, horns 2
a: no special abilities


You were on level 4 of the Dungeon.
You were not hungry.

You visited 1 branch of the dungeon, and saw 4 of its levels.

You collected 172 gold pieces.

Inventory:

Hand Weapons
 a - a +0 quarterstaff (weapon)
 q - a +1 hand axe of chopping
 s - a +0 hunting sling
Missiles
 d - 5 throwing nets (quivered)
 g - 26 sling bullets
Armour
 b - a +0 leather armour (worn)
 c - a +0 hat (worn)
 o - a +0 pair of gloves (worn)
 t - a +1 cloak (worn)
Jewellery
 j - a +3 ring of evasion (left hand)
 A - an uncursed ring of protection from fire
Scrolls
 h - a scroll of identify
 i - 3 scrolls of remove curse {unknown}
 l - a scroll of enchant weapon {unknown}
 v - 2 scrolls of magic mapping {unknown}
 w - a scroll of enchant armour {unknown}
 y - a scroll of amnesia {unknown}
Potions
 e - a potion of curing
 m - a potion of might {unknown}
 n - a potion of heal wounds {unknown}
 p - a potion of flight {unknown}
 u - a potion of agility {unknown}
Comestibles
 f - 6 bread rations
 k - 4 fruits
 z - a meat ration


   Skills:
 + Level 3.2 Fighting
 + Level 5.0 Staves
 + Level 1.4(2.1) Slings
 - Level 2.0(2.2) Throwing
 + Level 5.0 Dodging


You had 4 spell levels left.
You didn't know any spells.

Dungeon Overview and Level Annotations

Branches:
Dungeon (4/15)
 Temple: D:4-7

Altars:
Elyvilon
Xom
Zin


Innate Abilities, Weirdness & Mutations

You reflexively headbutt those who attack you in melee.
You have a pair of horns on your head.


Message History

The giant gecko is moderately wounded.
The giant gecko bites you but does no damage.
The giant gecko misses you. You furiously retaliate!
You headbutt the giant gecko, but do no damage.
You hit the giant gecko.
The giant gecko is heavily wounded.
The giant gecko closely misses you. You furiously retaliate!
You headbutt the giant gecko.
You kill the giant gecko!
The ogre hits you with a giant club!
There is a stone staircase leading up, spattered with blood here.
You sock the ogre!
The ogre is heavily wounded.
The ogre hits you with a giant club!!
* * * LOW HITPOINT WARNING * * *
You are too injured to fight recklessly!
You sock the ogre!
The ogre is almost dead.
The ogre hits you with a giant club!
You die...

# # .#. ##.##
### ... ....
######.##.....
#..........$..
#.####O##.....
#@# ... #.# #
#.# #.# ..#
... ####


You could see an ogre.

Vanquished Creatures
  An orc priest (D:3)
  7 adders
  An ooze (D:2)
  4 giant geckos
  2 orcs (D:3)
  8 bats
  3 giant cockroaches
  6 goblins
  4 hobgoblins
  5 jackals
  6 kobolds
  A quokka (D:3)
  4 giant newts
  7 rats
59 creatures vanquished.

Notes
Turn   | Place    | Note
--------------------------------------------------------------
     0 | D:1      | Musica the Minotaur Gladiator began the quest for the Orb.
     0 | D:1      | Reached XP level 1. HP: 18/18 MP: 0/0
   198 | D:1      | Reached XP level 2. HP: 22/25 MP: 1/1
   506 | D:2      | Reached XP level 3. HP: 29/30 MP: 2/2
  1263 | D:2      | Reached XP level 4. HP: 37/37 MP: 3/3
  1715 | D:3      | Found a glowing silver altar of Zin.
  1715 | D:3      | Noticed an angel
  1716 | D:3      | Found a shimmering altar of Xom.
  1871 | D:3      | Found a white marble altar of Elyvilon.
  1945 | D:3      | Reached skill level 5 in Staves
  1945 | D:3      | Reached skill level 1 in Slings
  1945 | D:3      | Reached XP level 5. HP: 16/45 MP: 4/4
  1951 | D:3      | Reached skill level 5 in Dodging
  2316 | D:4      | Noticed an ogre
  2330 | D:4      | Slain by an ogre

Skill      XL: |  1  2  3  4  5 |
---------------+----------------+-----
Staves         | 4 5 |  5.0
Dodging        | 4 5 |  5.0
Fighting       | 3 |  3.2
Slings         | 1 |  1.4
Throwing       | |  2.0

Action                   |  1- 3 |  4- 6 || total
-------------------------+-------+-------++-------
Melee: Quarterstaff      |    62 |    35 ||    97
       Headbutt          |     6 |     2 ||     8
 Fire: Hunting sling     |     8 |    26 ||    34
Throw: Stone             |     5 |       ||     5
       Throwing net      |       |     2 ||     2
  Use: Scroll            |     3 |       ||     3
       Potion            |       |     1 ||     1
  Eat: Chunk             |       |     4 ||     4
Armor: Leather armour    |    21 |     8 ||    29
Dodge: Dodged            |    49 |    31 ||    80
